Match 42324781
Unlisted

Match 42324781
End
Kettenkrad Recon Vehicle
Construct Infanterie Kompanie
Grenadier Squad
Grenadier Squad
Construct Panzergrenadier Kompanie
Pioneer Squad
Pak 40 Anti-tank Gun Team
Pak 40 Anti-tank Gun Team
Selects Terror Battlegroup
Selects Contempt for the Weak
Medical Bunker
Support Elements
Selects Propaganda Leaflet Drop
StuG III G Assault Gun
Nebelwerfer 42 Rocket Launcher Team
Propaganda Leaflet Drop
Nebelwerfer 42 Rocket Launcher Team
StuG III G Assault Gun
26 letters
jake
Globalnaya
Getmeout
Kanade
[LVP]AnarchyFreak
Kitty
Belfegor ๏̯͡๏
0
0

Comments sign in to comment!

No comments posted yet!